 Dungeon Crawl Stone Soup version 0.20.1-1-g8b1a95d (webtiles) character file.

23 veneficus the Poker (level 3, -1/27 HPs)
             Began as a Merfolk Skald on Nov 2, 2017.
             Slain by Terence
             ... wielding a +0 morningstar
              (13 damage)
             ... on level 2 of the Dungeon.
             The game lasted 00:01:52 (1924 turns).

veneficus the Poker (Merfolk Skald)                 Turns: 1924, Time: 00:01:53

Health: -1/27      AC:  3    Str: 11    XL:     3   Next: 0%
Magic:  1/6        EV: 12    Int: 12    God:
Gold:   22         SH:  0    Dex: 14    Spells: 5/6 levels left

rFire    . . .     SeeInvis .   a - +0 spear
rCold    . . .     Gourm    .   (no shield)
rNeg     . . .     Faith    .   b - +0 leather armour
rPois    .         Spirit   .   (no helmet)
rElec    .         Reflect  .   (no cloak)
rCorr    .         Harm     .   (no gloves)
MR       .....                  (no boots)
Stlth    +.........             (no amulet)
Regen    0.1/turn               (no ring)
MPRegen  0.1/turn               (no ring)

@: infused
A: change form in water, swift swim, stealthy swim
a: no special abilities


You were on level 2 of the Dungeon.
You were not hungry.

You visited 1 branch of the dungeon, and saw 2 of its levels.

You collected 22 gold pieces.

Inventory:

Hand Weapons
 a - a +0 spear (weapon)
Armour
 b - a +0 leather armour (worn)
Scrolls
 e - 2 scrolls of teleportation {unknown}
 g - a scroll of blinking {unknown}
 h - 3 scrolls of remove curse {unknown}
Potions
 i - a potion of agility {unknown}
Books
 c - a book of Battle

   Spells                             Type                      Level
   a - Infusion                       Charms                       1
   b - Shroud of Golubria             Charms/Translocation         2
   c - Song of Slaying                Charms                       2
   d - Spectral Weapon                Hexes/Charms                 3
   e - Regeneration                   Charms/Necromancy            3
Comestibles
 d - 2 bread rations
 f - 2 chunks of flesh


   Skills:
 - Level 2.1 Fighting
 * Level 4.0 Polearms
 - Level 0.6 Armour
 - Level 2.6 Dodging
 + Level 2.2 Spellcasting
 + Level 3.7 Charms


You had 5 spell levels left.
You knew the following spells:

 Your Spells              Type           Power        Failure   Level  Hunger
a - Infusion              Chrm           ##..         8%          1    ##.....


Dungeon Overview and Level Annotations

Branches:
Dungeon (2/15)

Altars:

Annotations:
D:2 Terence


Message History

You reach to attack!
You hit Terence but do no damage. You closely miss Terence.
Terence hits you with a morningstar!
You take 8 damage, and have 16/27 hp.
MASSIVE DAMAGE!!
You closely miss Terence. Terence barely misses you.
You hit Terence. You hit Terence. Terence hits you with a morningstar.
You take 1 damage, and have 15/27 hp.
You closely miss Terence. Terence hits you with a morningstar.
You take 4 damage, and have 11/27 hp.
You are too injured to fight recklessly!
You are too injured to fight recklessly!
You are too injured to fight recklessly!
You are too injured to fight recklessly!
You hit Terence but do no damage. Terence closely misses you.
You hit Terence but do no damage. You barely miss Terence.
Terence closely misses you.
You hit Terence. Terence misses you.
You now have 1/6 mp.
You hit Terence but do no damage. Terence hits you with a morningstar!
You die...

#. ##.# #.#...... #.
#..#####....####
#.##...)......## #
##.#.....###.#.# #
###.....##..##.#.# ###
.##..$...####.##.#.###..
......#..### .##.#.....#
...........#..........##
.......@.....%........#
......@.###.###.......#
.......## +# ##......#
....... #......##
....... #.........
....... ..........
....... ..........
....... ..........
..........


You could see Terence.

Vanquished Creatures
  A leopard gecko (D:2)
  4 goblins
  3 hobgoblins
  3 jackals
  4 bats
  A frilled lizard (D:1)
  2 kobolds
  2 rats (D:2)
20 creatures vanquished.

Notes
Turn   | Place    | Note
-------+----------+-------------------------------------------
     0 | D:1      | veneficus the Merfolk Skald began the quest for the Orb.
     0 | D:1      | Reached XP level 1. HP: 16/16 MP: 3/3
  1001 | D:1      | Reached XP level 2. HP: 22/22 MP: 1/5
  1867 | D:2      | Reached skill level 4 in Polearms
  1899 | D:2      | Reached XP level 3. HP: 22/27 MP: 2/6
  1909 | D:2      | Noticed Terence
  1924 | D:2      | Slain by Terence

Skill      XL: |  1  2 |
---------------+-------+-----
Polearms       | 4 |  4.0
Fighting       | |  2.1
Armour         | |  0.6
Dodging        | |  2.6
Spellcasting   | |  2.2
Charms         | |  3.7

Action                   || total
-------------------------++-------
Melee: Spear             ||    92
 Cast: Infusion          ||     5
  Eat: Chunk             ||     3
Armor: Leather armour    ||    20
Dodge: Dodged            ||    69
